Map: Lock & Load

Players

LilArrin

  • Race: Terran Terran
  • Spawn Location: 7:00

LilArrin

  • Race: Protoss Protoss
  • Spawn Location: 6:00

VOD

Have the link to the VOD?

Description

Time

  • Played on: Feb. 1, 2018, 1:10 a.m.
  • Length: 16:13
Show
View Real Time Build Order
Export as new Build Order

LilArrin Terran 

Build Orders:  

Get SALT Encoding   

  12  0:03  SCV  
  3  0:20  SCV  
  14  0:36  SCV  
  14  0:37  Supply Depot  
  15  0:53  SCV  
  16  1:10  SCV  
  17  1:27  Command Center  
  17  1:30  SCV  
  18  1:47  SCV  
  19  1:51  Barracks  
  19  2:04  SCV  
  20  2:24  Orbital Command  
  20  2:48  Command Center  
  20  3:00  SCV  
  20  3:07  Orbital Command  
  21  3:13  Refinery  
  21  3:17  SCV  
  22  3:22  Refinery  
  22  3:34  SCV  
  22  3:36  Barracks  
  23  3:43  SCV  
  24  3:54  Orbital Command, SCV  
  24  3:55  Barracks  
  24  3:58  Barracks Tech Lab  
  25  4:00  SCV  
  25  4:08  Combat Shields  
  26  4:11  SCV  
  26  4:12  Barracks Reactor  
  26  4:18  Engineering Bay  
  27  4:28  Barracks Reactor, SCV  
  28  4:30  Orbital Command  
  28  4:43  Marine  
  28  4:47  SCV x2  
  31  4:53  Marine  
  32  5:03  Marine  
  32  5:04  SCV x2  
  32  5:06  Supply Depot, SCV  
  36  5:13  Medic  
  36  5:17  Marine x2  
  38  5:21  SCV  
  38  5:22  SCV  
  38  5:23  Medic, Marine  
  38  5:24  SCV  
  46  5:31  Marine  
  46  5:34  Medic  
  46  5:35  Supply Depot  
  46  5:36  Marine  
  50  5:42  SCV  
  50  5:44  SCV x2  
  50  5:47  Medic  
  50  5:48  Marine x2  
  55  5:52  Marine  
  55  5:55  Marine  
  55  5:57  Marine  
  55  5:59  SCV  
  60  6:00  Marine x2  
  60  6:01  SCV  
  60  6:05  Marine x2  
  60  6:07  Medic  
  66  6:15  Marine x3  
  66  6:16  Marine  
  66  6:17  Medic  
  67  6:25  Marine x3  
  67  6:26  Marine  
  67  6:27  Marine  
  68  6:35  Marine x2  
  69  6:44  Terran Infantry Weapons Level 1  
  69  6:49  Marine x5, Supply Depot  
  69  6:59  Marine x3  
  74  7:05  Marine, Supply Depot, Stabilizer Medpacks  
  74  7:08  SCV x2  
  80  7:14  Marine x2  
  80  7:17  Marine  
  82  7:24  Marine x2  
  83  7:32  Marine x3  
  85  7:47  Medic, Marine, Supply Depot  
  85  7:49  Supply Depot  
  85  7:50  SCV  
  85  7:54  Marine  
  85  7:55  Marine x2  
  85  7:57  Medic  
  92  8:07  Medic, Marine x3  
  93  8:14  Marine  
  93  8:17  Marine x2  
  101  8:33  Medic, Marine x4, Concussive Shells, Supply Depot  
  101  8:34  Supply Depot  
  101  8:37  Supply Depot  
  107  8:43  Marine x5  
  112  8:53  Medic, Marine x4  
  118  9:04  Medic, Marine x4  
  124  9:14  Marine  
  124  9:19  Supply Depot, Barracks, Marine  
  125  9:20  Marine x2  
  125  9:21  Marauder, Supply Depot  
  125  9:24  Marine, Terran Infantry Armor Level 1  
  125  9:29  Marine  
  130  9:32  Marine  
  130  9:34  Marauder  
  130  9:38  Marine  
  134  9:44  Marine x2  
  134  9:46  Medic  
  134  9:49  Marine x2  
  132  9:52  Marine  
  129  10:04  Marauder  
  129  10:06  Barracks Tech Lab  
  129  10:07  Marine  
  127  10:14  Marine  
  127  10:15  Marine  
  127  10:17  Marauder, Marine  
  128  10:29  Medic, Marine  
  128  10:30  Medic, Marine  
  132  10:40  Medic, Marauder  
  132  10:46  Marine x2  
  132  10:48  Marine x2  
  138  10:50  Medic  
  138  10:52  Marine  
  138  10:56  Marine x2  
  138  10:58  Marine x2  
  138  11:01  Marine  
  138  11:02  Marine  
  138  11:06  Marine x2  
  138  11:08  Marine  
  141  11:12  Marine  
  141  11:16  Marine  
  135  11:23  Marine  
  134  11:30  Marine  
  134  11:31  Marine  
  134  11:32  Marine x2, Supply Depot  
  134  11:33  Supply Depot, Marine  
  134  11:39  Marine  
  134  11:41  Marine  
  134  11:42  Marine x2  
  134  11:47  Marine  
  134  11:48  Marine  
  135  11:50  Marine  
  135  11:55  Marine  
  139  12:03  Marine x2  
  139  12:05  Marine  
  139  12:06  Marine  
  143  12:12  Supply Depot, Marine x2  
  143  12:13  Supply Depot  
  143  12:16  Marine x2  
  143  12:18  Marine  
  143  12:19  Marine  
  141  12:22  Medic x2  
  141  12:26  Marine x2  
  147  12:32  Medic  
  147  12:34  Marine x2  
  147  12:35  Marine  
  147  12:36  Marine  
  147  12:37  Marine  
  125  12:43  Medic  
  125  12:44  Marine  
  125  12:45  Marauder, Marine  
  125  12:47  Marine x2  
  130  12:53  Marauder  
  130  12:55  Marine x2  
  130  12:57  Marine x2  
  130  12:58  Marine  
  135  13:05  Marine x2  
  139  13:13  Marine  
  139  13:14  Medic x2, Marine  
  139  13:15  Marine x2  
  144  13:24  Medic, Marine x3  
  144  13:25  Marine x2  
  147  13:34  Medic, Marine x2  
  147  13:35  Marine x2  
  147  13:36  Marine  
  154  13:44  Marine x2  
  154  13:45  Medic, Marine x2  
  154  13:46  Marine  
  149  13:54  Marine  
  149  13:55  Marine x3  
  149  13:56  Marine x2  
  154  14:04  Marine  
  154  14:05  Marine x2  
  154  14:06  Marauder, Marine x2  
  159  14:15  Marine x3  
  159  14:16  Marine x2  
  159  14:18  Marine  
  164  14:25  Marine  
  164  14:29  Marine x2  
  162  14:39  Marine x2  
  162  14:46  Marine  
  162  14:47  Medic x2, Marine  
  166  14:51  Marine x2  
  166  14:56  Marine  
  173  15:04  Marine  
  173  15:06  Marine  
  173  15:17  Marine  
  173  15:20  Marine  
  173  15:21  Marine  
  173  15:27  Marine  
  173  15:28  Marine  
  173  15:31  Marine  
  173  15:36  Marine  
  173  15:37  Marauder  
  173  15:38  Marine  
  172  15:40  Marine  
  172  15:41  Marine  
  172  15:44  Marauder  
Show
View Real Time Build Order
Export as new Build Order

LilArrin Protoss 

Build Orders:  

Get SALT Encoding   

  12  0:06  Probe (Chrono Boost)  
Tags
 
Commander
FenixRaynor
Matchup
Co-op
Replay Pack
Co-op Speedrun
Add a new tag
Caveats
  • Supply blocks, unpowered buildings, or Contaminate may cause inaccurate times.
  • Supply counts are checked every 10 seconds.